 Dungeon Crawl Stone Soup version 0.31-a0-1467-g53b6572822 (webtiles) character file.

Game seed: 1689436088883145269

422 Dirtsage the Changeling (level 6, -1/42 HPs)
             Began as an Octopode Shapeshifter on Dec 28, 2023.
             Slain by an orc
             ... wielding a +0 flail
              (9 damage)
             ... on level 3 of the Dungeon.
             The game lasted 00:04:42 (1959 turns).

Dirtsage the Changeling (Octopode Shapeshifter)     Turns: 1959, Time: 00:04:43

Health: -1/42      AC:  1    Str: 12 (13) XL:     6   Next: 95%
Magic:  6/6        EV: 15    Int: 11 (12) God:
Gold:   171        SH:  0    Dex: 19 (20) Spells: 5/5 levels left

rFire   . .          .
                       - Unarmed
rCold   . . .        (no shield)
rNeg    + . .        (helmet currently unavailable)
rPois   .            (no amulet)
rElec   .            e - +6 ring of dexterity
rCorr   .            N - ring of positive energy
SInv    .            (no ring)
Will    .....        (no ring)
Stlth   +++          (no ring)
HPRegen 0.27/turn    (no ring)
MPRegen 0.10/turn    (no ring)
                     (no ring)

%: no passive effects
@: beast-form
A: beast (slay +2), almost no armour, amphibious, 8 rings, camouflage 1,
gelatinous body 1, (nimble swimmer 1), tentacles
a: Begin Untransformation


You were on level 3 of the Dungeon.
You were a hulking beast.
You visited 1 branch of the dungeon, and saw 3 of its levels.

You collected 171 gold pieces.

Inventory:

Jewellery
 e - a +6 ring of dexterity (left tentacle)
 N - a ring of positive energy (right tentacle)
Talismans
 b - a beast talisman
 c - a flux talisman
Wands
 h - a wand of mindburst (7)
Scrolls
 d - a scroll of blinking {unknown}
 g - a scroll of fear
 i - 3 scrolls of identify
 k - a scroll of brand weapon {unknown}
 l - a scroll of amnesia {unknown}
 m - a scroll of acquirement {unknown}
 o - 2 scrolls of teleportation {unknown}
Potions
 a - a potion of mutation {unknown}
 f - a potion of magic {unknown}
 j - a potion of heal wounds {unknown}
 n - a potion of brilliance {unknown}
 p - a potion of enlightenment {unknown}


   Skills:
 + Level 3.1 Fighting
 + Level 3.5 Dodging
 + Level 4.2 Unarmed Combat
 * Level 5.0 Shapeshifting


You had 5 spell levels left.
You didn't know any spells.
Your spell library contained the following spells:

 Spells                   Type           Power      Damage    Failure   Level
 Foxfire                  Conj/Fire      0%         2x1d4     34%         1
 Shock                    Conj/Air       0%         1d3       34%         1
 Inner Flame              Hex/Fire       0%         N/A       71%         3
 Swiftness                Air            0%         N/A       71%         3
 Tukima's Dance           Hex            0%         N/A       71%         3
 Airstrike                Air            0%         2d(0-16)  98%         4
 Passage of Golubria      Tloc           0%         N/A       98%         4
 Irradiate                Conj/Alch      0%         3d11      100%        5
 Yara's Violent Unravell  Hex/Alch       0%         3d3       100%        5
 Plasma Beam              Fire/Air       0%         2x1d10    100%        6
 Starburst                Conj/Fire      0%         6d3       100%        6
 Ignition                 Fire           0%         3d3       100%        8


Dungeon Overview and Level Annotations

Branches:
Dungeon (3/15)

Altars:
Fedhas

Shops:
D:1 :

Annotations:
D:3 Sigmund


Innate Abilities, Weirdness & Mutations

You are a hulking beast.
Your limbs bulge with bestial killing power. (Slay +2)
You cannot wear most types of armour.
You are amphibious.
You can wear up to eight rings at the same time.
Your skin changes colour to match your surroundings (Stealth+).
Your rubbery body absorbs attacks. (AC +1, EV +1)
((You are camouflaged when in or above water. (Stealth+)))
You have tentacles for arms and can constrict up to eight enemies at once.


Message History

You take 6 damage, and have 36/42 hp.
The orc priest shouts!
The orc shouts!
You tentacle-slap the orc. You grab the orc.
The orc is heavily wounded.
You constrict the orc.
A dart slug comes into view.
The orc hits you with a +1 flail of protection.
The orc closely misses you. x2
You take 2 damage, and have 34/42 hp.
You tentacle-slap the orc.
You kill the orc!
The orc priest mumbles some strange prayers to Beogh against you.
Beogh smites you! The orc barely misses you. x2
You take 13 damage, and have 21/42 hp.
MASSIVE DAMAGE!!
The orc attacks as it pursues you! The orc barely misses you.
Things that are here:
a +0 dagger; a +0 leather armour The dart slug launches a dart at you.
The slug dart misses you. The orc attacks as it pursues you!
The orc hits you with a +1 flail of protection!
You take 6 damage, and have 15/42 hp.
The orc priest barely misses you.
You tentacle-slap the orc priest but do no damage.
You grab the orc priest. You squeeze the orc priest.
The orc priest is moderately wounded.
You constrict the orc priest.
The orc priest hits you with a +0 war axe!
* * * LOW HITPOINT WARNING * * *
You take 8 damage, and have 7/42 hp.
You tentacle-slap the orc priest. You squeeze the orc priest.
The orc priest is almost dead.
You constrict the orc priest, but do no damage.
You tentacle-slap the orc priest.
You kill the orc priest!
You feel your strength returning.
Your Shapeshifting skill increases to level 5!
The orc attacks as it pursues you! The orc barely misses you.
You see here a +0 war axe.
The orc attacks as it pursues you! The orc hits you with a +0 flail!
You die...

. #........#
#.#.......$#
...........#
#.........#
#.....w...#
###....o#o#
....#.##.#.# ###
.........#o#.....
.........h...#
####.....>##.#
.......## .#
###.##### # #. #


You could see a dart slug and 3 orcs.

Vanquished Creatures
  Grinder (D:3)
  An orc priest (D:3)
  Natasha (twice) (D:3)
  Robin (D:2)
  3 gnolls (D:2)
  An adder (D:3)
  4 dart slugs
  6 orcs
  5 endoplasms
  2 giant cockroaches
  11 goblins
  10 hobgoblins
  7 kobolds
  11 ball pythons
  8 bats
  6 frilled lizards
  2 rats
81 creatures vanquished.

Notes
Turn   | Place    | Note
-------+----------+-------------------------------------------
     0 | D:1      | Dirtsage the Octopode Shapeshifter began the quest for the
                  | Orb.
     0 | D:1      | Reached XP level 1. HP: 13/13 MP: 1/1
    26 | D:1      | Found Poruqy's Book Boutique.
   126 | D:1      | Reached XP level 2. HP: 18/18 MP: 2/2
   712 | D:2      | Reached XP level 3. HP: 16/23 MP: 3/3
   910 | D:2      | Reached XP level 4. HP: 22/29 MP: 4/4
  1159 | D:2      | Noticed Robin
  1175 | D:2      | Killed Robin
  1258 | D:2      | Reached skill level 4 in Shapeshifting
  1460 | D:3      | Found a blossoming altar of Fedhas.
  1464 | D:3      | Reached XP level 5. HP: 34/34 MP: 5/5
  1497 | D:3      | Noticed Sigmund
  1498 | D:3      | Noticed Grinder
  1515 | D:3      | Killed Grinder
  1516 | D:3      | Reached XP level 6. HP: 34/41 MP: 6/6
  1534 | D:3      | HP: 1/41 [something (4)]
  1736 | D:3      | Noticed Natasha
  1742 | D:3      | Killed Natasha
  1756 | D:3      | Noticed Natasha
  1761 | D:3      | Killed Natasha
  1958 | D:3      | Reached skill level 5 in Shapeshifting
  1959 | D:3      | Slain by an orc

Illustrated notes

Levels and vault maps discovered:
D:1:      lemuel_arrival_funnel, layout_basic, serial_shops, nicolae_shop_trees,
          minivault_5
D:2:      layout_rooms, grunt_ministairs_14, minmay_stone_trees_medium,
          columned_hall_lemuel, uniq_robin
D:3:      layout_basic, grunt_temple_overflow_lords_of_destruction,
          mainiacjoe_overflow_cross_hatched, minmay_lizard_king, uniq_grinder,
          uniq_natasha, uniq_sigmund

Skill      XL: |  1  2  3  4  5  6 |
---------------+-------------------+-----
Fighting       | 2 3 |  3.1
Shapeshifting  | 4 5 |  5.0
Dodging        | 3 |  3.5
Unarmed Combat | 4 |  4.2

Action                     |  1- 3 |  4- 6 || total
---------------------------+-------+-------++-------
  Melee: Unarmed           |    52 |   110 ||   162
         Constrict         |    17 |    28 ||    45
         Tentacles         |    12 |    18 ||    30
         Punch             |     1 |     2 ||     3
    Use: Potion            |       |     3 ||     3
         Scroll            |       |     2 ||     2
   Stab: Sleeping          |     4 |     3 ||     7
 Armour: Skin              |    11 |    84 ||    95
  Dodge: Dodged            |    28 |    57 ||    85

Table legend: (Time is in decaauts)
 A = Elapsed time spent in this place.
 B = Non-inter-level travel time spent in this place.
 C = Inter-level travel time spent in this place.
 D = Time resting spent in this place.
 E = Time spent auto-exploring this place.
 F = Levels seen in this place.
 G = Mean time per level.
                   A        B        C        D        E       F      G
               +--------+--------+--------+--------+--------+-----+--------+
         Total |   1957 |   1927 |     30 |    133 |   1289 |   3 |  652.3 |
       Dungeon |   1957 |   1927 |     30 |    133 |   1289 |   3 |  652.3 |
               +--------+--------+--------+--------+--------+-----+--------+

Top non-repeatable levels by time:
     D:2: 894 daAuts
     D:1: 689 daAuts
     D:3: 373 daAuts
